[Event "Titled Tuesday Blitz November 29 Early 2022"]
[White "Ljukin, Sergei"]
[Black "Sadubayev, Airat"]
[WhiteFideId "14102200"]
[BlackFideId "13713264"]
[WhiteElo "2312"]
[BlackElo "2160"]
[Result "0-1"]
[Round "05"]
[TimeControl "180+1"]
[Date "2022.11.30"]
[WhiteClock "0:00:01"]
[BlackClock "0:00:29"]

1. e4 c6 2. d4 d5 3. e5 Bf5 4. Nd2 e6 5. Nb3 Nd7 6. Nf3 a6 7. Be2 c5 8. dxc5 Bxc5 9. O-O Ne7 10. Nxc5 Nxc5 11. Nd4 O-O 12. Be3 Rc8 13. c3 Qc7 14. f4 b5 15. Kh1 Be4 16. Bf3 Nf5 17. Nxf5 Bxf5 18. Bd4 Rfd8 19. Qd2 Be4 20. Rae1 Bxf3 21. Rxf3 Ne4 22. Qe3 Qc4 23. a3 Rd7 24. f5 exf5 25. Rxf5 Re8 26. Qf4 Re6 27. Rf1 Qc7 28. Qg4 h6 29. h4 Rg6 30. Qf4 Ng3+ 31. Kh2 Nxf5 32. Qxf5 Re7 33. Kh1 Rge6 34. Qg4 Qc4 35. Rf3 Qe2 36. h5 Qe4 37. Qg3 Rxe5 38. Bxe5 Qxe5 39. Qg4 Qe6 40. Qg3 Qe1+ 41. Qxe1 Rxe1+ 42. Kh2 Re5 43. Rd3 Rxh5+ 44. Kg3 f6 45. Kf3 Kf7 46. Ke2 Ke6 0-1


[Site "https://www.chess.com"]

[Event "Titled Tuesday Blitz November 29 Early 2022"]
[White "Lucas, Arthur"]
[Black "Riehle, Marco"]
[WhiteFideId "26093073"]
[BlackFideId "12904392"]
[WhiteElo "2251"]
[BlackElo "2462"]
[Result "0-1"]
[Round "05"]
[TimeControl "180+1"]
[Date "2022.11.30"]
[WhiteClock "0:00:01"]
[BlackClock "0:01:26"]

1. e4 e5 2. Nf3 Nf6 3. d4 Nxe4 4. Bd3 Nc6 5. dxe5 Nc5 6. Nc3 d6 7. Bb5 Bg4 8. h3 Bh5 9. g4 Bg6 10. Qe2 Be7 11. Bf4 O-O 12. O-O-O Nb4 13. Nd4 c6 14. Bc4 d5 15. Bb3 Nxb3+ 16. axb3 Qa5 17. Kb1 c5 18. Nf5 Bxf5 19. gxf5 d4 20. Qb5 Qxb5 21. Nxb5 Rfd8 22. Rhg1 Bf8 23. Nc7 Rac8 24. e6 Nd5 25. Nxd5 Rxd5 26. f6 fxe6 27. fxg7 Bxg7 28. Bh6 Rc7 29. Rde1 e5 30. Rg5 Kf8 31. Bxg7+ Rxg7 32. Rgxe5 Rxe5 33. Rxe5 b6 34. b4 cxb4 35. Re4 Rd7 36. Kc1 a5 37. Kd2 a4 38. Kd3 a3 39. bxa3 bxa3 40. Re1 Kf7 41. Ra1 Ra7 42. Kxd4 Ke6 43. Kc4 Ke5 44. Kb3 Rf7 45. Rxa3 Rxf2 46. Ra7 Rf3+ 47. c3 Rxh3 48. Rb7 Rh6 49. Kc4 Rc6+ 50. Kd3 h6 51. Rf7 Rf6 52. Rh7 Kf4 53. Kd4 Kg5 54. Ke5 Rc6 55. Rg7+ Rg6 56. Rb7 h5 57. Ke4 Kg4 58. Ke3 Kg3 59. Rd7 h4 60. Rd1 Re6+ 0-1


[Site "https://www.chess.com"]

[Event "Titled Tuesday Blitz November 29 Early 2022"]
[White "Maksimovic, Bojan"]
[Black "Fiedorek, Michal"]
[WhiteFideId "14408120"]
[BlackFideId "1199528"]
[WhiteElo "2447"]
[BlackElo "2201"]
[Result "1-0"]
[Round "05"]
[TimeControl "180+1"]
[Date "2022.11.30"]
[WhiteClock "0:00:02"]
[BlackClock "0:00:02"]

1. e4 c5 2. Nf3 d6 3. d4 cxd4 4. Nxd4 Nf6 5. Nc3 Nc6 6. Bg5 e6 7. Qd2 a6 8. O-O-O Bd7 9. f3 Be7 10. h4 h6 11. Be3 h5 12. Bg5 Nxd4 13. Qxd4 Qc7 14. Ne2 b5 15. Qd2 a5 16. Nd4 Qb7 17. Kb1 b4 18. Bd3 a4 19. g4 hxg4 20. fxg4 Qb6 21. Nf3 a3 22. b3 Nxg4 23. Bxe7 Kxe7 24. Rhg1 Nf6 25. Rxg7 Rag8 26. Rg5 Rxg5 27. hxg5 Ng4 28. g6 fxg6 29. Qg5+ Nf6 30. e5 dxe5 31. Nxe5 Qd4 32. Nc4 Rc8 33. Be2 Qc3 34. Qc1 Ne4 35. Bd3 Bc6 36. Re1 Nc5 37. Bxg6 Bd5 38. Qg5+ Kd7 39. Qc1 Bxc4 40. bxc4 Na4 41. Rd1+ Kc7 42. Qf4+ Kb7 43. Rd7+ Ka8 44. Be4+ 1-0


[Site "https://www.chess.com"]

[Event "Titled Tuesday Blitz November 29 Early 2022"]
[White "Malek, Jan"]
[Black "Melian, Juan Sebastian"]
[WhiteFideId "21864080"]
[BlackFideId "3706575"]
[WhiteElo "2255"]
[BlackElo "2044"]
[Result "1-0"]
[Round "05"]
[TimeControl "180+1"]
[Date "2022.11.30"]
[WhiteClock "0:00:02"]
[BlackClock "0:00:01"]

1. c4 e6 2. Nc3 Bb4 3. Nf3 Bxc3 4. dxc3 d6 5. g3 Nf6 6. Bg2 O-O 7. O-O Qe7 8. Nd2 e5 9. e4 a5 10. Re1 Na6 11. Qc2 Nc5 12. a4 b6 13. Nf1 Bb7 14. b3 Qe6 15. Ba3 Bc6 16. f3 Nfd7 17. Ne3 g6 18. Nd5 Rac8 19. Rf1 Kh8 20. Rae1 f5 21. exf5 gxf5 22. f4 e4 23. Rd1 Nd3 24. Ne3 N7c5 25. Rd2 Rf7 26. Qd1 Ba8 27. Bh3 Rg8 28. Kh1 Bc6 29. Rg2 Bd7 30. Nd5 Bc6 31. Ne3 Bd7 32. Qc2 c6 33. Rd1 d5 34. cxd5 cxd5 35. c4 d4 36. Bb2 Re8 37. Bxd4+ Kg8 38. g4 Qc6 39. gxf5+ Kf8 40. Rdg1 Ke7 41. Nd5+ Kd8 42. Rg7 Ref8 43. Rxf7 Rxf7 44. Rg8+ Be8 45. Qe2 Qd6 46. Qh5 Qd7 47. Qg5+ Kc8 48. Qh5 Kb7 49. f6 Qc6 50. Qe5 Nd7 51. Qxe8 1-0


[Site "https://www.chess.com"]

[Event "Titled Tuesday Blitz November 29 Early 2022"]
[White "Malka, Samuel"]
[Black "Czopor, Maciej"]
[WhiteFideId "20643675"]
[BlackFideId "21805431"]
[WhiteElo "2459"]
[BlackElo "2324"]
[Result "1/2-1/2"]
[Round "05"]
[TimeControl "180+1"]
[Date "2022.11.30"]
[WhiteClock "0:00:18"]
[BlackClock "0:00:25"]

1. d4 Nf6 2. c4 g6 3. Nc3 Bg7 4. e4 O-O 5. Nf3 d6 6. Be2 e5 7. O-O Nc6 8. d5 Ne7 9. Ne1 Nd7 10. Nd3 f5 11. f3 f4 12. b4 g5 13. a4 Nf6 14. c5 Ng6 15. a5 Rf7 16. Nf2 h5 17. c6 Bh6 18. b5 bxc6 19. dxc6 Rg7 20. Kh1 g4 21. fxg4 Nh4 22. Nd5 hxg4 23. Nxf6+ Qxf6 24. Bxg4 f3 25. gxf3 Bxc1 26. Rxc1 Qh6 27. Rg1 Kh8 28. Bxc8 Rxg1+ 29. Qxg1 Nxf3 30. Ng4 Qf4 31. Rf1 Nxg1 32. Rxf4 exf4 33. Bd7 Ne2 34. b6 axb6 35. axb6 f3 36. h4 cxb6 37. c7 b5 38. c8=Q+ Rxc8 39. Bxc8 b4 40. Be6 Ng3+ 41. Kg1 Nxe4 42. Bd5 Nc3 43. Bb3 Kg7 44. Kf2 Ne4+ 45. Ke3 f2 46. Nxf2 Nxf2 47. Kxf2 Kh8 48. Ke3 d5 49. Kd4 Kg7 50. Kxd5 Kh8 51. Ke5 Kg7 52. Kf4 Kh8 53. Kg4 Kg7 54. h5 Kh8 55. Kg5 Kg7 56. h6+ Kh8 57. Kh5 Kh7 58. Kg5 Kh8 59. Bc2 b3 60. Bxb3 Kh7 61. Kh5 Kh8 62. Kg5 Kh7 63. Kh5 Kh8 64. Kg5 1/2-1/2


[Site "https://www.chess.com"]

[Event "Titled Tuesday Blitz November 29 Early 2022"]
[White "Matinian, Nikita"]
[Black "Migot, Tangi"]
[WhiteFideId "24129100"]
[BlackFideId "662445"]
[WhiteElo "2422"]
[BlackElo "2586"]
[Result "0-1"]
[Round "05"]
[TimeControl "180+1"]
[Date "2022.11.30"]
[WhiteClock "0:00:04"]
[BlackClock "0:00:26"]

1. e4 Nf6 2. e5 Nd5 3. d4 d6 4. c4 Nb6 5. f4 Bf5 6. Nf3 e6 7. Nc3 Be7 8. Be3 O-O 9. Be2 dxe5 10. fxe5 Nc6 11. O-O a5 12. Kh1 f6 13. exf6 Bxf6 14. Qd2 Qe7 15. Nb5 Rad8 16. Rad1 Rd7 17. Qc1 Nb4 18. Ne5 Nxa2 19. Qa1 Bxe5 20. dxe5 Nb4 21. Qxa5 Nc6 22. Qc3 Rxd1 23. Rxd1 Na4 24. Qb3 Nc5 25. Qa3 b6 26. Bxc5 bxc5 27. Qe3 Rd8 28. Rxd8+ Qxd8 29. h3 Nd4 30. Bd3 Nxb5 31. Bxf5 Nd4 32. Bg4 Qf8 33. Kh2 h6 34. Qe4 Qf7 35. b4 Qe7 36. bxc5 Qxc5 37. Qa8+ Kf7 38. Qe4 Nc6 39. Bh5+ Ke7 40. Qh4+ g5 41. Qe4 Qxe5+ 42. Qxe5 Nxe5 43. Be2 Kd6 44. Kg3 Kc5 45. Kf2 Kd4 46. h4 Nxc4 47. hxg5 hxg5 48. Kf3 Ne5+ 49. Kg3 c5 50. Bd1 c4 51. Kf2 Kd3 0-1


[Site "https://www.chess.com"]

[Event "Titled Tuesday Blitz November 29 Early 2022"]
[White "Matveeva, Olga"]
[Black "Mohammed, Zozek Salah Mohammed"]
[WhiteFideId "24107018"]
[BlackFideId "4803361"]
[WhiteElo "2055"]
[BlackElo "2199"]
[Result "1/2-1/2"]
[Round "05"]
[TimeControl "180+1"]
[Date "2022.11.30"]
[WhiteClock "0:00:08"]
[BlackClock "0:00:35"]

1. d4 d5 2. c4 c6 3. Nf3 Nf6 4. e3 e6 5. Nc3 Nbd7 6. Bd3 dxc4 7. Bxc4 b5 8. Bd3 a6 9. O-O c5 10. Qe2 Bb7 11. Rd1 cxd4 12. exd4 Be7 13. Bg5 O-O 14. Ne5 h6 15. Bh4 Nxe5 16. dxe5 Nd5 17. Bxe7 Qxe7 18. Ne4 Nf4 19. Qe3 Nxd3 20. Rxd3 Bxe4 21. Qxe4 Rfd8 22. Rad1 Rac8 23. h3 Rxd3 24. Qxd3 Qc7 25. Qd6 Qxd6 26. Rxd6 Rc2 27. Rxa6 Rxb2 28. Ra7 g5 29. g3 Re2 30. f4 gxf4 31. gxf4 Re4 32. Rb7 b4 33. f5 exf5 34. Kf2 Rc4 35. Kf3 Re4 36. Rb6 Kg7 37. Rb7 Kg6 38. Rb6+ Kg5 39. Rb7 Kg6 40. Rb6+ Kg7 41. Rb7 Rxe5 42. Rxb4 Ra5 43. a4 Kg6 44. Kf4 Rc5 45. Rb6+ f6 46. Ra6 Rc4+ 47. Kf3 Kg5 48. Ra8 Rc3+ 49. Kg2 Kf4 50. Rf8 Rc2+ 51. Kg1 Kg5 52. Rg8+ Kh5 53. a5 Ra2 54. Ra8 Kh4 55. a6 Kg3 56. Kf1 Kxh3 57. a7 h5 58. Rh8 Rxa7 59. Rxh5+ Kg4 60. Rh8 Ra2 61. Rb8 f4 62. Rb3 f5 63. Rc3 f3 64. Rc8 Kg3 65. Rg8+ Kf4 66. Rb8 Rc2 67. Rb7 Ra2 68. Rb8 f2 69. Rb4+ Kg3 70. Rb3+ Kg4 71. Rb4+ f4 72. Rc4 Kg3 73. Rc3+ Kg4 74. Rc4 Kf5 75. Rb4 f3 76. Rb5+ Ke4 77. Rb4+ Kd3 78. Rb3+ Kd4 79. Rb4+ Ke3 80. Rb3+ Kf4 81. Rb4+ Kg3 82. Rg4+ Kh3 83. Rh4+ Kxh4 1/2-1/2


[Site "https://www.chess.com"]

[Event "Titled Tuesday Blitz November 29 Early 2022"]
[White "Mayaud, Raphael"]
[Black "Kuchava, Ana"]
[WhiteFideId "627151"]
[BlackFideId "13605348"]
[WhiteElo "2191"]
[BlackElo "2001"]
[Result "1-0"]
[Round "05"]
[TimeControl "180+1"]
[Date "2022.11.30"]
[WhiteClock "0:00:18"]
[BlackClock "0:00:05"]

1. d4 d5 2. Nf3 Nf6 3. c4 e6 4. g3 Bb4+ 5. Bd2 Be7 6. Bg2 O-O 7. O-O c6 8. Qc2 b6 9. Rd1 Ba6 10. b3 Nbd7 11. Bf4 Rc8 12. Nbd2 c5 13. dxc5 Nxc5 14. Qb2 Qe8 15. Rac1 Nce4 16. Nxe4 dxe4 17. Ng5 Bb7 18. Qc2 Qc6 19. Be5 Ng4 20. Bxe4 Qe8 21. Bxb7 Bxg5 22. f4 Nxe5 23. Bxc8 Qxc8 24. fxg5 Qc5+ 25. Kg2 Ng4 26. Rd3 Qf2+ 27. Kh3 Qf5 28. Rf3 Nf2+ 29. Kg2 Qxc2 30. Rxc2 Ne4 31. h4 Rd8 32. Rd3 Rxd3 33. exd3 Nc5 34. d4 Ne4 35. Kf3 Nd6 36. c5 bxc5 37. dxc5 Nc8 38. Rd2 Kf8 39. Rd8+ Ke7 40. Rxc8 1-0


[Site "https://www.chess.com"]

[Event "Titled Tuesday Blitz November 29 Early 2022"]
[White "Melikyan, Gnel"]
[Black "Mikhalsky, Vladimir"]
[WhiteFideId "54109990"]
[BlackFideId "14144352"]
[WhiteElo "2138"]
[BlackElo "2271"]
[Result "0-1"]
[Round "05"]
[TimeControl "180+1"]
[Date "2022.11.30"]
[WhiteClock "0:01:23"]
[BlackClock "0:01:39"]

1. d4 Nf6 2. Nf3 g6 3. Nbd2 Bg7 4. e4 O-O 5. Bd3 d6 6. O-O Nc6 7. c3 e5 8. dxe5 dxe5 9. Qe2 Nh5 10. Nc4 Nf4 11. Bxf4 exf4 12. Rad1 Qe7 13. Ncd2 a6 14. Bc4 Bg4 15. h3 Bh5 16. Bd5 Ne5 17. Rfe1 c6 18. Bb3 g5 19. Kh1 b5 20. Rg1 Rad8 21. Bc2 Qe6 22. Bb3 Qh6 23. Bc2 Rxd2 24. Qxd2 Bxf3 25. Kh2 Ng4+ 0-1


[Site "https://www.chess.com"]

[Event "Titled Tuesday Blitz November 29 Early 2022"]
[White "Mgeladze, Tamaz"]
[Black "Janaszak, Dawid"]
[WhiteFideId "13601202"]
[BlackFideId "1119206"]
[WhiteElo "2288"]
[BlackElo "2226"]
[Result "0-1"]
[Round "05"]
[TimeControl "180+1"]
[Date "2022.11.30"]
[WhiteClock "0:00:20"]
[BlackClock "0:00:45"]

1. c4 Nf6 2. Nc3 g6 3. g3 Bg7 4. Bg2 O-O 5. Nf3 c6 6. d3 d5 7. Qb3 d4 8. Na4 Qa5+ 9. Bd2 Qh5 10. h3 b5 11. cxb5 cxb5 12. Ng5 bxa4 13. Qxa4 Bd7 14. Qa3 Bc6 15. Bxc6 Nxc6 16. Rc1 Rac8 17. Rc5 Nd7 18. g4 Qh4 19. Rxc6 Rxc6 20. Qxe7 Ne5 21. Bf4 Bf6 22. Qb7 Bxg5 0-1


[Site "https://www.chess.com"]

[Event "Titled Tuesday Blitz November 29 Early 2022"]
[White "Mihailidis, Anastasios"]
[Black "Nugumanov, Bakhtiyar"]
[WhiteFideId "4205588"]
[BlackFideId "13701797"]
[WhiteElo "2312"]
[BlackElo "2287"]
[Result "1-0"]
[Round "05"]
[TimeControl "180+1"]
[Date "2022.11.30"]
[WhiteClock "0:00:06"]
[BlackClock "0:00:17"]

1. e4 d6 2. d4 Nf6 3. Nc3 g6 4. Bg5 Bg7 5. Qd2 h6 6. Be3 Ng4 7. Bf4 e5 8. dxe5 Nxe5 9. f3 Be6 10. Bb5+ Nbd7 11. Bxd7+ Qxd7 12. Bxe5 Bxe5 13. Nge2 g5 14. Nc1 O-O-O 15. Nd3 Bg7 16. O-O-O f5 17. exf5 Bxf5 18. Rhe1 Rhe8 19. Nb4 Be5 20. g3 a6 21. Nbd5 Qc6 22. f4 gxf4 23. gxf4 Bxc3 24. Nxc3 Rg8 25. Rg1 Rxg1 26. Rxg1 d5 27. Ne2 d4 28. Ng3 Be6 29. a3 d3 30. Qc3 d2+ 31. Kd1 Bg4+ 32. Ne2 Bxe2+ 33. Kxe2 d1=Q+ 34. Rxd1 Qe4+ 35. Kf2 Rxd1 36. Qh8+ Rd8 37. Qxh6 Qxc2+ 38. Kg3 Qxb2 39. Qe6+ Kb8 40. Qe7 Rg8+ 41. Kf3 Qxa3+ 42. Qxa3 b5 43. Qxa6 c6 44. Qxc6 b4 45. Qb5+ Ka7 46. Qa4+ Kb6 47. Qxb4+ Ka6 48. Qc4+ Ka7 49. Qxg8 Kb7 50. Qc4 Kb6 51. Ke4 1-0


[Site "https://www.chess.com"]

[Event "Titled Tuesday Blitz November 29 Early 2022"]
[White "Miszler, Levente"]
[Black "Orzech, Dominik"]
[WhiteFideId "763276"]
[BlackFideId "1115065"]
[WhiteElo "2176"]
[BlackElo "2272"]
[Result "1-0"]
[Round "05"]
[TimeControl "180+1"]
[Date "2022.11.30"]
[WhiteClock "0:01:08"]
[BlackClock "0:01:34"]

1. Nf3 Nf6 2. c4 g6 3. g3 Bg7 4. Bg2 O-O 5. O-O c5 6. Nc3 d5 7. cxd5 Nxd5 8. Nxd5 Qxd5 9. d3 Nc6 10. Be3 Qh5 11. Rc1 b6 12. d4 Rd8 13. Qa4 Bd7 14. dxc5 Bxb2 15. Rb1 Bf6 16. Qa6 Bf5 17. Rbd1 Rxd1 18. Rxd1 Bc2 19. Rc1 Rd8 20. cxb6 axb6 21. Qxb6 Qd5 22. Ne1 1-0


[Site "https://www.chess.com"]

[Event "Titled Tuesday Blitz November 29 Early 2022"]
[White "Mohammed, Dilshad"]
[Black "Vysochin, Spartak"]
[WhiteFideId "5050421"]
[BlackFideId "14103516"]
[WhiteElo "2102"]
[BlackElo "2412"]
[Result "1-0"]
[Round "05"]
[TimeControl "180+1"]
[Date "2022.11.30"]
[WhiteClock "0:02:07"]
[BlackClock "0:00:11"]

1. Nf3 d5 2. c4 e6 3. e3 Nf6 4. cxd5 exd5 5. d4 c6 6. Bd3 Bg4 7. h3 Bh5 8. Nbd2 Nbd7 9. O-O Be7 10. b3 O-O 11. Bb2 Re8 12. Be2 Rc8 13. Ne5 Bxe2 14. Qxe2 Bd6 15. f4 h6 16. Rac1 c5 17. Qf3 cxd4 18. exd4 Bb4 19. Rxc8 Qxc8 20. Rc1 Qd8 21. Nf1 Ne4 22. Ne3 Nxe5 23. fxe5 Qd7 24. Nf5 Bd2 25. Qg4 Ng5 26. Nxh6+ Kh7 27. Qxd7 Bxc1 28. Bxc1 gxh6 29. Qxe8 1-0


[Site "https://www.chess.com"]

[Event "Titled Tuesday Blitz November 29 Early 2022"]
[White "Molina, Roberto Junio Brito"]
[Black "Bethke, Richard"]
[WhiteFideId "2109450"]
[BlackFideId "12959243"]
[WhiteElo "2388"]
[BlackElo "2369"]
[Result "1/2-1/2"]
[Round "05"]
[TimeControl "180+1"]
[Date "2022.11.30"]
[WhiteClock "0:00:07"]
[BlackClock "0:00:03"]

1. d4 Nf6 2. c4 e6 3. Nf3 d5 4. Nc3 Be7 5. cxd5 exd5 6. Bg5 c6 7. Qc2 Nbd7 8. e3 h6 9. Bh4 Nh5 10. Bxe7 Qxe7 11. Be2 O-O 12. O-O Re8 13. h3 Nhf6 14. Bd3 Ne4 15. Rae1 Nxc3 16. bxc3 Nf6 17. Nd2 Be6 18. f3 c5 19. Qb2 Rac8 20. Rf2 Qc7 21. Bb5 Bd7 22. Bxd7 Nxd7 23. Rfe2 cxd4 24. cxd4 Nb6 25. Qb5 Qc3 26. Nb3 Qc4 27. Qxc4 Nxc4 28. e4 dxe4 29. fxe4 a5 30. a4 b6 31. e5 Re7 32. d5 Rce8 33. e6 fxe6 34. dxe6 Nd6 35. Nd4 Rc7 36. Rb2 Rc4 37. Nf3 Rb4 38. Rxb4 axb4 39. Nd4 Nb7 40. Rb1 Nc5 41. Rxb4 Nxe6 42. Nf5 Nc5 43. Rxb6 Nxa4 44. Rg6 Kf7 45. Rxg7+ Kf6 46. g4 h5 47. Ra7 Nc3 48. Ra6+ Kg5 49. Ng7 Re1+ 50. Kf2 Re2+ 51. Kf3 hxg4+ 52. hxg4 Rd2 53. Ne6+ Kh4 54. Nf4 Rd1 55. Rh6+ Kg5 56. Rh5+ Kf6 57. Rf5+ Kg7 58. g5 Rf1+ 59. Kg4 Rg1+ 60. Kh3 Rh1+ 61. Kg2 Re1 62. Kf3 Rf1+ 63. Ke3 Rh1 64. Rf6 Nd1+ 65. Ke2 Nc3+ 66. Kf3 Rf1+ 67. Kg4 Rg1+ 68. Kf5 Rf1 69. Kg4 Rg1+ 70. Kh3 Rh1+ 71. Kg2 Ra1 72. Ne6+ Kg8 73. Rf3 Ra2+ 74. Kh3 Ne4 75. Rf8+ Kh7 76. Rf4 Nd6 77. Kg4 Rg2+ 78. Kh5 Rh2+ 79. Kg4 Rg2+ 80. Kh4 Rg1 81. Nd4 Rh1+ 82. Kg4 Rg1+ 83. Kh4 Rh1+ 84. Kg3 Rg1+ 85. Kf3 Rxg5 86. Rf6 Rg6 87. Rf8 Rg7 88. Rd8 Rf7+ 89. Kg4 Ne4 90. Ne6 Nf6+ 91. Kh4 Ne4 92. Rd4 Nf6 93. Ng5+ Kg6 94. Nxf7 Kxf7 95. Kg5 Ke6 96. Ra4 Nd7 97. Kf4 Kd6 98. Rd4+ Ke6 99. Ke4 Nf6+ 100. Ke3 Nd5+ 101. Kf3 Nf6 102. Ra4 Ke5 103. Ra5+ Nd5 104. Ra4 Nf6 105. Rb4 Nd5 106. Rh4 Nf6 107. Ke3 Nd5+ 108. Kd2 Nf4 109. Rg4 Nd5 110. Kd3 Nf4+ 111. Kc4 Ne6 112. Rg1 Nf4 113. Rf1 Ke4 114. Re1+ Kf5 115. Re8 Ne6 116. Kd3 Nf4+ 117. Ke3 Ne6 118. Re7 Ke5 119. Rh7 Kf5 120. Rh5+ Kf6 121. Ra5 Ke7 122. Ke4 Kd6 123. Rd5+ Ke7 124. Ke5 Nf8 125. Ra5 Nd7+ 126. Kf5 Kd6 127. Ke4 Nc5+ 128. Ke3 Kd5 129. Rb5 Kc4 130. Rb8 Kd5 131. Rh8 Kd6 132. Kd4 Ne6+ 133. Kc4 Ke5 134. Re8 Kd6 135. Ra8 Ke5 136. Ra5+ Kd6 137. Rd5+ Ke7 138. Re5 Kd6 139. Re1 Nc7 140. Rd1+ Kc6 141. Rd2 Ne6 142. Re2 Kd6 143. Re1 Nc7 144. Rh1 Ne6 1/2-1/2


[Site "https://www.chess.com"]

[Event "Titled Tuesday Blitz November 29 Early 2022"]
[White "Moskvin, Anatoly"]
[Black "Gatterer, Florian"]
[WhiteFideId "24199990"]
[BlackFideId "811688"]
[WhiteElo "2079"]
[BlackElo "2218"]
[Result "1/2-1/2"]
[Round "05"]
[TimeControl "180+1"]
[Date "2022.11.30"]
[WhiteClock "0:00:06"]
[BlackClock "0:00:07"]

1. e4 c6 2. c4 d5 3. exd5 cxd5 4. cxd5 Nf6 5. Nc3 Nxd5 6. Nf3 Nc6 7. Bb5 g6 8. Qa4 Nb6 9. Bxc6+ bxc6 10. Qxc6+ Bd7 11. Qe4 Bg7 12. O-O Rc8 13. Re1 Bc6 14. Qf4 O-O 15. d4 Nd5 16. Qg3 Qb6 17. Ne4 Nb4 18. Re2 Bb5 19. Rd2 Nd3 20. Nc3 Ba6 21. Qh3 h6 22. Qh4 Rfe8 23. Qe4 Nb4 24. a3 Bb7 25. d5 Na6 26. Rd1 Nc5 27. Qh4 Nb3 28. Bxh6 Nxa1 29. Bxg7 Kxg7 30. Rxa1 Rh8 31. Qd4+ Qxd4 32. Nxd4 Rcd8 33. Re1 Bxd5 34. Rxe7 Kf6 35. Rxa7 Be6 36. Nxe6 Kxe6 37. g3 Rd6 38. Rb7 Rhd8 39. Kg2 Rd2 40. Ne4 R2d4 41. Ng5+ Kf6 42. Nxf7 R8d5 43. Nh6 Kg5 44. Nf7+ Kf6 45. h4 Rd7 46. Rxd7 Rxd7 47. Ng5 Rb7 48. b4 Ra7 49. Nh3 Rxa3 50. Nf4 Rb3 51. Kh3 Kf5 52. Kg2 Rxb4 53. Kf3 Rb3+ 54. Kg2 Ra3 55. Ne2 Ra2 56. Nd4+ Ke4 57. Nf3 Kf5 58. Ng5 Rb2 59. Nf3 Ra2 60. Nd4+ 1/2-1/2


[Site "https://www.chess.com"]

[Event "Titled Tuesday Blitz November 29 Early 2022"]
[White "Mrudul Dehankar"]
[Black "Hrabinska, Myroslava"]
[WhiteFideId "25096990"]
[BlackFideId "14109190"]
[WhiteElo "2068"]
[BlackElo "2171"]
[Result "0-1"]
[Round "05"]
[TimeControl "180+1"]
[Date "2022.11.30"]
[WhiteClock "0:00:02"]
[BlackClock "0:00:16"]

1. e4 c5 2. Nf3 e6 3. d4 cxd4 4. Nxd4 a6 5. Bd3 Nc6 6. Nxc6 dxc6 7. e5 Qa5+ 8. Nc3 Qxe5+ 9. Ne2 Nf6 10. c3 Qc7 11. O-O Bd6 12. h3 O-O 13. Qc2 h6 14. c4 c5 15. Bd2 Bd7 16. Bc3 Be5 17. Bd2 Bc6 18. f4 Bd6 19. Be3 Rad8 20. Nc3 b6 21. Rad1 Qb7 22. a4 Be7 23. Rf2 Rd7 24. Rfd2 Rfd8 25. Bf2 Bxg2 26. Be3 Bxh3 27. Ne4 Bg4 28. Nxf6+ Bxf6 29. Bh7+ Kh8 30. Rxd7 Rxd7 31. Rxd7 Qxd7 32. Be4 Bd4 33. Qd3 Bxe3+ 34. Qxe3 Qd4 35. Qxd4 cxd4 36. b4 Kg8 37. c5 bxc5 38. bxc5 Kf8 39. Kf2 Ke7 40. Bb7 a5 41. Bc6 Bd1 42. Bb5 f6 43. Ke1 Bb3 44. Kd2 e5 45. fxe5 fxe5 46. Kd3 Bd5 47. Ba6 g5 48. Bc8 Bc6 49. Bg4 Bxa4 50. Ke4 Kf6 51. Kd5 d3 52. c6 Bxc6+ 53. Kxc6 e4 54. Kd5 e3 55. Kd4 e2 0-1


[Site "https://www.chess.com"]

[Event "Titled Tuesday Blitz November 29 Early 2022"]
[White "Nepo"]
[Black "Ravot, Sylvain"]
[BlackFideId "627763"]
[WhiteElo "2120"]
[BlackElo "2195"]
[Result "1-0"]
[Round "05"]
[TimeControl "180+1"]
[Date "2022.11.30"]
[WhiteClock "0:00:11"]
[BlackClock "0:00:01"]

1. e4 c5 2. Nf3 Nc6 3. Bb5 g6 4. O-O Bg7 5. Re1 Nf6 6. c3 O-O 7. h3 d5 8. e5 Nd7 9. d4 cxd4 10. cxd4 e6 11. Nc3 Nb6 12. Bg5 f6 13. exf6 Bxf6 14. Bxf6 Qxf6 15. a4 Nd7 16. a5 Ndb8 17. Qd2 Kg7 18. Na4 Nd8 19. Nc5 a6 20. Bd3 Nd7 21. b4 Nxc5 22. bxc5 Nc6 23. Qb2 h6 24. Re2 Rb8 25. Rae1 Bd7 26. Qb6 Qd8 27. Qb2 Qxa5 28. Bb1 Qd8 29. Qc2 Qf6 30. Ne5 Nxe5 31. dxe5 Qf7 32. Re3 Rfc8 33. Rf3 Be8 34. Rxf7+ Bxf7 35. Re3 Rc6 36. Rf3 g5 37. Rf6 Be8 38. Rxe6 Rxe6 39. Qf5 Rg6 40. e6 Rc8 41. Qe5+ Kg8 42. Bxg6 Bxg6 43. e7 Re8 44. Qxd5+ Bf7 45. Qd7 Kg7 46. Qxb7 a5 47. c6 Be6 48. Qc7 a4 49. Qd6 Kf7 50. c7 a3 51. Qxa3 Rxe7 52. Qf3+ Kg7 53. Qc6 Bc8 54. Qc3+ Kf7 55. Qb3+ Kf8 56. Qb8 1-0


[Site "https://www.chess.com"]

[Event "Titled Tuesday Blitz November 29 Early 2022"]
[White "Nguyen, Thai Dai Van"]
[Black "Kukula, Pawel"]
[WhiteFideId "358878"]
[BlackFideId "1115081"]
[WhiteElo "2534"]
[BlackElo "2046"]
[Result "1-0"]
[Round "05"]
[TimeControl "180+1"]
[Date "2022.11.30"]
[WhiteClock "0:02:04"]
[BlackClock "0:00:41"]

1. d4 Nc6 2. Nf3 Nf6 3. c4 d6 4. Nc3 g6 5. d5 Ne5 6. Nxe5 dxe5 7. g3 Bg7 8. Bg2 O-O 9. O-O e6 10. Qb3 exd5 11. cxd5 Ne8 12. a4 Nd6 13. Be3 Bd7 14. Rfc1 a6 15. Bc5 Rb8 16. Ne4 Nxe4 17. Bxe4 h5 18. Bxf8 Bxf8 19. Bxg6 Qg5 20. Rxc7 1-0


[Site "https://www.chess.com"]

[Event "Titled Tuesday Blitz November 29 Early 2022"]
[White "Ohanyan, Emin"]
[Black "Mogranzini, Roberto"]
[WhiteFideId "13312022"]
[BlackFideId "810894"]
[WhiteElo "2352"]
[BlackElo "2469"]
[Result "1-0"]
[Round "05"]
[TimeControl "180+1"]
[Date "2022.11.30"]
[WhiteClock "0:00:04"]
[BlackClock "0:00:01"]

1. e4 c5 2. Nf3 Nc6 3. d4 cxd4 4. Nxd4 Nf6 5. Nc3 h5 6. Bc4 e6 7. Bb3 a6 8. f3 Qc7 9. Be3 b5 10. Qd2 Nxd4 11. Bxd4 Bd6 12. O-O-O Bxh2 13. Kb1 Bf4 14. Be3 Be5 15. Ne2 Bb7 16. g4 h4 17. g5 Nxe4 18. fxe4 Bxe4 19. Rhf1 h3 20. g6 Bxg6 21. Nf4 Be4 22. Bg1 Rc8 23. Bh2 g5 24. Rde1 f5 25. Ng6 Bxh2 26. Qxg5 Rh7 27. Rxe4 Qd6 28. Qxf5 Kd8 29. Bxe6 Kc7 30. Bd5 Bg3 31. Rd4 h2 32. Rdd1 Rh6 33. Be4 1-0


[Site "https://www.chess.com"]

[Event "Titled Tuesday Blitz November 29 Early 2022"]
[White "Omariev, Maksim"]
[Black "Arbunic Castro, Giovanna"]
[WhiteFideId "4193423"]
[BlackFideId "3400549"]
[WhiteElo "2420"]
[BlackElo "1936"]
[Result "1-0"]
[Round "05"]
[TimeControl "180+1"]
[Date "2022.11.30"]
[WhiteClock "0:00:13"]
[BlackClock "0:00:50"]

1. g4 d5 2. Bg2 c6 3. h3 e5 4. d4 f6 5. dxe5 fxe5 6. Nf3 Qd6 7. c4 Nf6 8. g5 Ne4 9. Nbd2 Bf5 10. Nh4 Bg6 11. Nxg6 Qxg6 12. cxd5 cxd5 13. Nxe4 dxe4 14. Qa4+ Nc6 15. Bd2 Bc5 16. Bxe4 Qf7 17. Bxc6+ Kf8 18. Bf3 e4 19. Qxe4 Re8 20. Qxb7 Re7 21. Qc8+ Re8 22. Qxc5+ 1-0


[Site "https://www.chess.com"]